 Dungeon Crawl Stone Soup version 0.23.2-33-g5129a83184 (webtiles) character file.

Game seed: 14130915649087758252

50 FishyPogo the Magician (level 3, 0/19 HPs)
             Began as a Deep Elf Venom Mage on July 30, 2019.
             Succumbed to a worker ant's poison
             ... on level 2 of the Dungeon.
             The game lasted 00:08:02 (849 turns).

FishyPogo the Magician (Deep Elf Venom Mage)         Turns: 849, Time: 00:08:02

Health: 0/19       AC:  3    Str:  5    XL:     3   Next: 55%
Magic:  6/10       EV: 13    Int: 19    God:
Gold:   64         SH:  0    Dex: 16    Spells: 9/10 levels left

rFire    . . .     SeeInvis .   a - +1 short sword (venom)
rCold    . . .     Gourm    .   (no shield)
rNeg     . . .     Faith    .   e - +0 robe
rPois    .         Spirit   .   (no helmet)
rElec    .         Reflect  .   (no cloak)
rCorr    .         Harm     .   (no gloves)
MR       .....                  i - +0 pair of boots
Stlth    +++.......             (no amulet)
HPRegen  0.06/turn              g - ring of stealth
MPRegen  0.12/turn              (no ring)

@: lethally poisoned (0 -> -5)
A: no striking features
a: no special abilities


You were on level 2 of the Dungeon.
You were not hungry.

You visited 1 branch of the dungeon, and saw 2 of its levels.

You collected 64 gold pieces.

Inventory:

Hand Weapons
 a - a +1 short sword of venom (weapon)
Armour
 e - a +0 robe (worn)
 i - a +0 pair of boots (worn)
Jewellery
 g - a ring of stealth (left hand)
Scrolls
 b - a scroll of enchant armour {unknown}
 h - a scroll of identify {unknown}
Potions
 f - a potion of invisibility {unknown}
 j - a potion of agility {unknown}
 k - a potion of curing {unknown}
Comestibles
 c - 3 rations
 d - 12 chunks of flesh


   Skills:
 * Level 0.7 Short Blades
 + Level 2.6 Dodging
 * Level 2.6 Stealth
 + Level 4.1 Spellcasting
 + Level 1.4 Conjurations
 + Level 3.9 Poison Magic


You had 9 spell levels left.
You knew the following spells:

 Your Spells              Type           Power        Failure   Level  Hunger
a - Sting                 Conj/Pois      ##..         4%          1    None

Your spell library contained the following spells:

 Spells                   Type           Power        Failure   Level  Hunger
 Poisonous Vapours        Pois/Air       ##....       9%          2    ##.....
 Mephitic Cloud           Conj/Pois/Air  ##......     19%         3    ###....
 Olgreb's Toxic Radiance  Pois           ###.....     26%         4    ####...
 Venom Bolt               Conj/Pois      ##........   77%         5    ######.


Dungeon Overview and Level Annotations

Branches:
Dungeon (2/15)

Altars:


Message History

The worker ant misses you.
* * * LOW HITPOINT WARNING * * *
You feel sick.
Casting: Sting (safe; 4% risk of failure)
Confirm with . or Enter, or press ? or * to list all spells.
Aiming: Sting (safe; 4% risk of failure)
Press: ? - help, Shift-Dir - straight line, f/p - worker ant
Aim: a worker ant (heavily wounded, poisoned)
The sting hits the worker ant.
The worker ant looks even sicker.
The worker ant is heavily wounded.
The worker ant closely misses you. x2
Casting: Sting (safe; 4% risk of failure)
Confirm with . or Enter, or press ? or * to list all spells.
Aiming: Sting (safe; 4% risk of failure)
Press: ? - help, Shift-Dir - straight line, f/p - worker ant
Aim: a worker ant (almost dead, poisoned)
The sting hits the worker ant but does no damage.
The worker ant looks even sicker.
The worker ant is almost dead.
You die...

#####
#######...##############
................@a.$...#
#######...############.#
##### #########
#........


You could see a worker ant.

Vanquished Creatures
  2 oozes (D:2)
  A worm (D:2)
  A leopard gecko (D:2)
  4 bats
  A giant cockroach (D:1)
  3 goblins (D:1)
  8 hobgoblins
  2 jackals (D:2)
  6 frilled lizards
  7 kobolds (D:1)
  2 rats (D:1)
37 creatures vanquished.

Notes
Turn   | Place    | Note
-------+----------+-------------------------------------------
     0 | D:1      | FishyPogo the Deep Elf Venom Mage began the quest for the
                  | Orb.
     0 | D:1      | Reached XP level 1. HP: 10/10 MP: 6/6
   107 | D:1      | Reached XP level 2. HP: 15/15 MP: 1/8
   650 | D:2      | Reached XP level 3. HP: 17/19 MP: 10/10
   667 | D:2      | Reached skill level 4 in Spellcasting
   849 | D:2      | Succumbed to a worker ant's poison

Skill      XL: |  1  2  3 |
---------------+----------+-----
Spellcasting   | 4 |  4.1
Short Blades   | |  0.7
Dodging        | |  2.6
Stealth        | |  2.6
Conjurations   | |  1.4
Poison Magic   | |  3.9

Action                   || total
-------------------------++-------
Melee: Unarmed           ||     2
       Short sword       ||    48
 Cast: Sting             ||    59
 Stab: Sleeping          ||     1
Armor: Robe              ||    11
Dodge: Dodged            ||    34
